 Dungeon Crawl Stone Soup version 0.31-a0-152-g6aa68a64a1 (webtiles) character file.

Game seed: 3253371881277415667

195 qw the Shooter (level 5, -2/46 (49) HPs)
             Began as a Naga Hunter on June 9, 2023.
             Slain by a gnoll sergeant
             ... wielding a +0 trident
              (14 damage)
             ... on level 4 of the Dungeon.
             The game lasted 00:01:43 (4114 turns).

qw the Shooter (Naga Hunter)                        Turns: 4114, Time: 00:01:44

HP:   -2/46 (49)    AC:  4    Str: 14    XL:     5   Next: 74%
MP:   5/5           EV:  9    Int:  9    God:
Gold: 123           SH:  0    Dex: 16    Spells: 4/4 levels left

rFire   . . .        Y - +0 shortbow
rCold   . . .        (shield currently unavailable)
rNeg    . . .        c - +0 leather armour
rPois   +            (no helmet)
rElec   .            (no cloak)
rCorr   .            i - +0 pair of gloves
SInv    +            (no barding)
Will    .....        (no amulet)
Stlth   ++           (no ring)
HPRegen 0.27/turn    (no ring)
MPRegen 0.09/turn

%: no passive effects
@: short of breath, drained, very slow
A: AC +1, large, see invisible, deformed body, poison resistance, slowness 2,
spit poison 1, naga tail 1
a: Spit Poison


You were on level 4 of the Dungeon.
You visited 1 branch of the dungeon, and saw 4 of its levels.

You collected 123 gold pieces.


Innate Abilities, Weirdness & Mutations

Your serpentine skin is tough. (AC +1)
You have supernaturally acute eyesight. (SInv)
Armour fits poorly on your strangely shaped body.
Your system is resistant to poisons. (rPois)
You cover ground very slowly.
You can spit poison.
You have a snake-like lower body.


   Skills:
 - Level 3.4 Fighting
 + Level 5.6 Ranged Weapons
 - Level 1.5 Dodging
 - Level 1.5 Stealth


You had 4 spell levels left.
You didn't know any spells.
Your spell library was empty.

Inventory:

Hand Weapons
 Y - a +0 shortbow (weapon)
Armour
 c - a +0 leather armour (worn)
 i - a +0 pair of gloves (worn)
Scrolls
 a - a scroll of identify
Potions
 b - a potion of magic {unknown}
 d - a potion of might {unknown}
 f - 3 potions of heal wounds
 h - a potion of curing {unknown}

Dungeon Overview and Level Annotations

Branches:
Dungeon (4/15)
 Temple: D:4-7

Altars:
Sif Muna

Annotations:
D:4 Robin


Message History

The hobgoblin closely misses you.
Robin hits you from afar with a +0 spear.
You shoot an arrow. The arrow hits the hobgoblin!
You kill the hobgoblin!
The gnoll sergeant hits you from afar with a +0 trident!
Robin hits you from afar with a +0 spear.
The goblin shoots a sling bullet.
The sling bullet hits you but does no damage.
You shoot an arrow.
The arrow hits the gnoll sergeant but does no damage.
You have got your breath back.
The gnoll sergeant hits you from afar with a +0 trident.
Robin roars a battlecry!
The goblin shoots a sling bullet.
The sling bullet hits you but does no damage.
4111 ||| INVOKING Spit Poison.
Aiming: Spit Poison (1% risk of failure)
Press: ? - help, Shift-Dir - straight line, f/p - gnoll sergeant The splash of poison hits the gnoll sergeant!
The gnoll sergeant is poisoned.
The gnoll sergeant is moderately wounded.
The gnoll sergeant hits you from afar with a +0 trident.
Robin throws the goblin at you!
The goblin unwields a +0 sling.
The goblin wields a +0 dagger.
The goblin closely misses you.
You shoot an arrow. The arrow barely misses the goblin.
The arrow hits the gnoll sergeant!
The gnoll sergeant is heavily wounded.
The gnoll sergeant barely misses you.
A goblin comes into view. It is wielding a +0 dagger.
Robin barely misses you. The goblin closely misses you.
You shoot an arrow. The arrow hits the goblin!
You kill the goblin!
The gnoll sergeant barely misses you. Robin throws the goblin at you!
You shoot an arrow. The arrow hits the goblin.
The goblin is heavily wounded.
The gnoll sergeant barely misses you. The goblin hits you but does no damage.
The goblin hits you with a +0 whip. Robin hits you but does no damage.
The goblin closely misses you.
The gnoll sergeant hits you from afar with a +0 trident!
You die...

... .. #.#
.. #.# #
###g.## ...
#....g##..#
#.@...#
#))g###
#.g.# #...#
#(..# #####


You could see a gnoll sergeant (poisoned), Robin and 2 goblins.

Vanquished Creatures
  2 orc wizards (D:3)
  5 gnolls (D:3)
  3 adders
  A worm (D:2)
  A dart slug (D:1)
  2 orcs
  3 bats
  7 endoplasms
  2 giant cockroaches (D:1)
  13 goblins
  3 hobgoblins
  2 jackals (D:3)
  5 kobolds
  2 quokkas (D:2)
  4 ball pythons
  2 frilled lizards
  5 rats
62 creatures vanquished.

Notes
Turn   | Place    | Note
-------+----------+-------------------------------------------
     0 | D:1      | qw the Naga Hunter began the quest for the Orb.
     0 | D:1      | Reached XP level 1. HP: 19/19 MP: 1/1
     0 | D:1      | 0 ||| qw: Version: 0.2-a-122-gbc61b45
     0 | D:1      | 0 ||| qw: Game counter: 3302
     0 | D:1      | 0 ||| qw: Always use a shield: true
     0 | D:1      | 0 ||| qw: God list: Okawaru
     0 | D:1      | 0 ||| qw: Allow faded altars: false
     0 | D:1      | 0 ||| qw: Do Orc after D:15 true
     0 | D:1      | 0 ||| qw: Do second Lair branch before Depths: true
     0 | D:1      | 0 ||| qw: Lair rune preference: random
     0 | D:1      | 0 ||| qw: Plans: Normal
     0 | D:1      | 0 ||| PLANNING D:1-11
     9 | D:1      | 9 ||| INVOKING Spit Poison.
   211 | D:1      | 211 ||| INVOKING Spit Poison.
   280 | D:1      | 280 ||| INVOKING Spit Poison.
   409 | D:1      | Reached skill level 4 in Ranged Weapons
   409 | D:1      | Reached XP level 2. HP: 26/26 MP: 2/2
   464 | D:1      | 464 ||| INVOKING Spit Poison.
   469 | D:1      | Found a faded altar of an unknown god.
   508 | D:1      | 508 ||| INVOKING Spit Poison.
   548 | D:1      | 548 ||| INVOKING Spit Poison.
   671 | D:1      | 671 ||| INVOKING Spit Poison.
   679 | D:1      | 679 ||| INVOKING Spit Poison.
   707 | D:1      | 707 ||| DROPPING scarf of shadows.
   708 | D:1      | 708 ||| DROPPING ring of flight.
   709 | D:1      | 709 ||| READING scroll labelled URYSOEG ZAINI.
   710 | D:1      | 710 ||| READING scroll labelled QIKAUQ KUOFO.
   711 | D:1      | 711 ||| DRINKING 2 ruby potions.
   712 | D:1      | 712 ||| DROPPING scroll of butterflies.
   726 | D:2      | 726 ||| INVOKING Spit Poison.
   732 | D:2      | 732 ||| STAIRDANCE
   734 | D:1      | 734 ||| INVOKING Spit Poison.
   762 | D:2      | 762 ||| INVOKING Spit Poison.
   766 | D:2      | 766 ||| INVOKING Spit Poison.
   790 | D:2      | 790 ||| INVOKING Spit Poison.
   796 | D:2      | 796 ||| INVOKING Spit Poison.
   799 | D:2      | 799 ||| INVOKING Spit Poison.
   802 | D:2      | Reached XP level 3. HP: 29/32 MP: 3/3
   873 | D:2      | 873 ||| INVOKING Spit Poison.
   884 | D:2      | 884 ||| INVOKING Spit Poison.
   889 | D:2      | 889 ||| INVOKING Spit Poison.
   902 | D:2      | 902 ||| INVOKING Spit Poison.
  1008 | D:2      | 1008 ||| FLEEEEING.
  1065 | D:2      | 1065 ||| INVOKING Spit Poison.
  1243 | D:2      | 1243 ||| INVOKING Spit Poison.
  1285 | D:2      | 1285 ||| INVOKING Spit Poison.
  1386 | D:2      | 1386 ||| READING 2 scrolls labelled APHAFF MEAB.
  1421 | D:3      | 1421 ||| INVOKING Spit Poison.
  1478 | D:3      | 1478 ||| INVOKING Spit Poison.
  1482 | D:3      | 1482 ||| INVOKING Spit Poison.
  1495 | D:3      | 1495 ||| INVOKING Spit Poison.
  1501 | D:3      | 1501 ||| INVOKING Spit Poison.
  1505 | D:3      | 1505 ||| INVOKING Spit Poison.
  1643 | D:3      | 1643 ||| INVOKING Spit Poison.
  1648 | D:3      | 1648 ||| INVOKING Spit Poison.
  1712 | D:3      | 1712 ||| INVOKING Spit Poison.
  1716 | D:3      | Reached skill level 5 in Ranged Weapons
  1716 | D:3      | Reached XP level 4. HP: 39/39 MP: 4/4
  1799 | D:3      | Identified the +6 dagger of Division {freeze, rC- rN+
                  | Stlth+}
  1804 | D:3      | 1804 ||| INVOKING Spit Poison.
  1809 | D:3      | 1809 ||| INVOKING Spit Poison.
  1814 | D:3      | Found a shimmering blue altar of Sif Muna.
  1821 | D:3      | 1821 ||| INVOKING Spit Poison.
  1822 | D:3      | 1822 ||| FLEEEEING.
  1823 | D:3      | 1823 ||| FLEEEEING.
  1827 | D:3      | 1827 ||| FLEEEEING.
  1869 | D:3      | 1869 ||| UPGRADING to +0 pair of gloves.
  1874 | D:3      | 1874 ||| READING scroll labelled KEGOGI AKHACISS.
  1875 | D:3      | 1875 ||| READING scroll labelled JIUBEN GEMA.
  1878 | D:3      | 1878 ||| INVOKING Spit Poison.
  1884 | D:3      | 1884 ||| INVOKING Spit Poison.
  1889 | D:3      | 1889 ||| INVOKING Spit Poison.
  1922 | D:3      | Identified the ring of Beciqe {rPois rC- rCorr Dex-2
                  | Stlth+}
  1948 | D:3      | 1948 ||| FLEEEEING.
  1966 | D:3      | 1966 ||| FLEEEEING.
  2172 | D:3      | 2172 ||| FLEEEEING.
  2214 | D:3      | 2214 ||| FLEEEEING.
  2266 | D:3      | 2266 ||| FLEEEEING.
  2345 | D:3      | 2345 ||| FLEEEEING.
  2392 | D:3      | 2392 ||| FLEEEEING.
  2405 | D:3      | 2405 ||| FLEEEEING.
  2428 | D:3      | 2428 ||| FLEEEEING.
  2486 | D:3      | 2486 ||| FLEEEEING.
  2520 | D:3      | 2520 ||| FLEEEEING.
  2561 | D:3      | 2561 ||| FLEEEEING.
  2596 | D:3      | 2596 ||| FLEEEEING.
  2616 | D:3      | 2616 ||| FLEEEEING.
  2647 | D:3      | Reached skill level 3 in Fighting
  2647 | D:3      | Reached XP level 5. HP: 49/49 MP: 5/5
  2650 | D:3      | 2650 ||| DROPPING ring of Beciqe {rPois rC- rCorr Dex-2
                  | Stlth+}.
  2651 | D:3      | 2651 ||| READING scroll labelled DILOCI CUACEY.
  2686 | D:4      | 2686 ||| INVOKING Spit Poison.
  2687 | D:4      | 2687 ||| STAIRDANCE
  2689 | D:3      | 2689 ||| INVOKING Spit Poison.
  2692 | D:3      | 2692 ||| INVOKING Spit Poison.
  2697 | D:3      | 2697 ||| INVOKING Spit Poison.
  2803 | D:4      | 2803 ||| INVOKING Spit Poison.
  2805 | D:4      | 2805 ||| STAIRDANCE
  2809 | D:3      | 2809 ||| INVOKING Spit Poison.
  2811 | D:3      | HP: 6/49 [gnoll/+0 spear[a gnoll sergeant] (8)]
  2812 | D:3      | 2812 ||| DRINKING 4 potions of heal wounds.
  2815 | D:3      | 2815 ||| INVOKING Spit Poison.
  2921 | D:4      | 2921 ||| INVOKING Spit Poison.
  2925 | D:4      | 2925 ||| STAIRDANCE
  3030 | D:4      | 3030 ||| STAIRDANCE
  3032 | D:3      | 3032 ||| INVOKING Spit Poison.
  3143 | D:4      | 3143 ||| INVOKING Spit Poison.
  3145 | D:4      | 3145 ||| STAIRDANCE
  3174 | D:4      | 3174 ||| INVOKING Spit Poison.
  3178 | D:4      | 3178 ||| STAIRDANCE
  3223 | D:4      | 3223 ||| INVOKING Spit Poison.
  3226 | D:4      | 3226 ||| STAIRDANCE
  3300 | D:4      | 3300 ||| INVOKING Spit Poison.
  3303 | D:4      | 3303 ||| INVOKING Spit Poison.
  3304 | D:4      | 3304 ||| STAIRDANCE
  3388 | D:4      | 3388 ||| STAIRDANCE
  3426 | D:4      | 3426 ||| INVOKING Spit Poison.
  3427 | D:4      | 3427 ||| STAIRDANCE
  3454 | D:4      | 3454 ||| INVOKING Spit Poison.
  3455 | D:4      | 3455 ||| STAIRDANCE
  3513 | D:4      | 3513 ||| INVOKING Spit Poison.
  3514 | D:4      | 3514 ||| STAIRDANCE
  3569 | D:4      | 3569 ||| INVOKING Spit Poison.
  3570 | D:4      | 3570 ||| STAIRDANCE
  3590 | D:4      | 3590 ||| INVOKING Spit Poison.
  3592 | D:4      | 3592 ||| STAIRDANCE
  3657 | D:4      | 3657 ||| INVOKING Spit Poison.
  3659 | D:4      | 3659 ||| STAIRDANCE
  3702 | D:4      | 3702 ||| INVOKING Spit Poison.
  3703 | D:4      | 3703 ||| STAIRDANCE
  3762 | D:4      | 3762 ||| INVOKING Spit Poison.
  3762 | D:4      | Noticed Robin
  3763 | D:4      | 3763 ||| STAIRDANCE
  3825 | D:4      | 3825 ||| INVOKING Spit Poison.
  3826 | D:4      | 3826 ||| STAIRDANCE
  3917 | D:4      | 3917 ||| INVOKING Spit Poison.
  3920 | D:4      | 3920 ||| INVOKING Spit Poison.
  3921 | D:4      | 3921 ||| STAIRDANCE
  3925 | D:3      | 3925 ||| INVOKING Spit Poison.
  3932 | D:3      | 3932 ||| INVOKING Spit Poison.
  4045 | D:4      | 4045 ||| INVOKING Spit Poison.
  4046 | D:4      | 4046 ||| STAIRDANCE
  4048 | D:3      | 4048 ||| INVOKING Spit Poison.
  4108 | D:4      | 4108 ||| INVOKING Spit Poison.
  4111 | D:4      | 4111 ||| INVOKING Spit Poison.
  4114 | D:4      | Slain by a gnoll sergeant

Levels and vault maps discovered:
D:1:      lightli_arrival_flooded_house, layout_loops_corners,
          ebering_ecumenical_altar_mist
D:2:      layout_loops_cross
D:3:      layout_rooms, led_sif_book, minmay_checkerbox
D:4:      cheibrodos_quashed, layout_rooms, kennysheep_mini,
          amcnicky_altar_gilded, minmay_temple_entry_fiery, uniq_robin

Skill      XL: |  1  2  3  4 |
---------------+-------------+-----
Ranged Weapons | 4 5 |  5.6
Fighting       | 3 |  3.4
Dodging        | |  1.5
Stealth        | |  1.5

Action                     |  1- 3 |  4- 6 || total
---------------------------+-------+-------++-------
   Fire: Shortbow          |    68 |   115 ||   183
Ability: Spit Poison       |    31 |    37 ||    68
    Use: Scroll            |     3 |     3 ||     6
         Potion            |     1 |     1 ||     2
 Armour: Leather armour    |     4 |    36 ||    40
  Dodge: Dodged            |    15 |    84 ||    99

Table legend:
 A = Non-vault XP
 B = Vault XP
 C = Vault XP percentage of total XP
 D = Non-vault monster count
 E = Vault monster count
 F = Vault count percentage of total count
                 A         B        C        D         E       F
            +---------+---------+-------+---------+---------+-------
      Total |     175 |     104 |  37.3 |      48 |      14 |  22.6
            +---------+---------+-------+---------+---------+-------
        D:1 |      27 |       0 |   0.0 |      14 |       0 |   0.0
        D:2 |      36 |       0 |   0.0 |      13 |       0 |   0.0
        D:3 |     109 |      95 |  46.6 |      20 |       9 |  31.0
        D:4 |       3 |       9 |  75.0 |       1 |       5 |  83.3
            +---------+---------+-------+---------+---------+-------
